 Dungeon Crawl Stone Soup version 0.28-a0-94-g325244837d (webtiles) character file.

Game seed: 8251971074663745047

39 Leeroy the Slasher (level 3, 0/28 HPs)
             Began as a Djinni Warper on Aug 7, 2021.
             Slain by a ball python (2 damage)
             ... on level 1 of the Dungeon.
             The game lasted 00:01:38 (2048 turns).

Leeroy the Slasher (Djinni Warper)                  Turns: 2048, Time: 00:01:39

Health: 0/28       AC:  3    Str: 10    XL:     3   Next: 70%
Gold:   7          EV: 11    Int: 15    God:
                   SH:  0    Dex: 12

rFire   + + .      SeeInvis .   a - +0 falchion
rCold   x . .      Faith    .   (no shield)
rNeg    . . .      Spirit   .   b - +0 leather armour
rPois   ∞          Reflect  .   (no helmet)
rElec   .          Harm     .   (no cloak)
rCorr   .          Rampage  .   (no gloves)
Will    .....                   (boots unavailable)
Stlth   +.........              (no amulet)
HPRegen 0.09/turn               (no ring)
MPRegen 0.00/turn               (no ring)

@: flying
A: sickness immunity, fire resistance 2, cold vulnerability 1, float, innate
caster, hp casting, extra vitality 1
a: no special abilities


You were on level 1 of the Dungeon.
You visited 1 branch of the dungeon, and saw 2 of its levels.

You collected 37 gold pieces.
You spent 30 gold pieces at shops.

Inventory:

Hand Weapons
 a - a +0 falchion (weapon)
Missiles
 d - 5 boomerangs of dispersal (quivered)
Armour
 b - a +0 leather armour (worn)
Scrolls
 c - a scroll of blinking
 e - a scroll of amnesia {unknown}
 f - a scroll of teleportation


   Skills:
 - Level 2.0 Fighting
 + Level 3.4 Long Blades
 - Level 0.7 Throwing
 - Level 1.0 Armour
 - Level 2.1 Dodging
 - Level 2.4 Spellcasting


You couldn't memorise any spells.
You knew the following spells:

 Your Spells              Type           Power      Damage    Failure   Level
a - Blink                 Tloc           N/A        N/A       16%         2
b - Lesser Beckoning      Tloc           4%         N/A       32%         3
c - Gell's Gravitas       Tloc           4%         N/A       32%         3
d - Teleport Other        Tloc           9%         N/A       32%         3
e - Manifold Assault      Tloc           9%         N/A       96%         5
f - Sting                 Tmut/Pois      36%        1d4       11%         1
Your spell library was empty.

Dungeon Overview and Level Annotations

Branches:
Dungeon (2/15)

Altars:

Shops:
D:1 *


Innate Abilities, Weirdness & Mutations

You are immune to sickness and miasma.
You are immune to poison.
Your flesh is very heat resistant. (rF++)
You are vulnerable to cold. (rC-)
You float through the air rather than walking.
You learn spells naturally, not from books.
Your magical power is your life essence.
You have superior vitality. (+4 HP)


Message History

You escape the ball python's grasp.
You closely miss the ball python. The ball python bites you.
The ball python grabs you. The ball python constricts you.
You escape the ball python's grasp.
The ball python bites you. The ball python barely misses you.
There are monsters nearby!
The ball python closely misses you.
You riposte.
You closely miss the ball python. The ball python misses you.
The ball python closely misses you. The ball python barely misses you.
The ball python closely misses you. The ball python grabs you.
The ball python constricts you.
You escape the ball python's grasp.
There is an open door here.
There is a stone staircase leading up here.
The ball python bites you but does no damage.
The ball python grabs you.
You stop ascending the stairs.
The ball python constricts you.
Unknown command.
You escape the ball python's grasp.
The ball python bites you. The ball python grabs you.
You stop ascending the stairs.
The ball python constricts you. The gnoll hits you with a +0 whip.
* * * LOW HITPOINT WARNING * * *
You escape the ball python's grasp.
The gnoll hits you from afar with a +0 spear.
* * * LOW HITPOINT WARNING * * *
The ball python misses you.
You riposte.
You closely miss the ball python. The ball python grabs you.
You stop ascending the stairs.
The ball python constricts you. The gnoll hits you with a +0 whip.
* * * LOW HITPOINT WARNING * * *
You escape the ball python's grasp.
The gnoll barely misses you. The ball python bites you.
* * * LOW HITPOINT WARNING * * *
The ball python barely misses you.
You fly upwards.
There is a stone staircase leading down here.
The ball python closely misses you. The ball python grabs you.
The ball python constricts you.
You escape the ball python's grasp.
The ball python bites you.
You die...

####.....#.............#.)#.# #
.........+.###.##.........#.# #
#.###'##...#..........##.##.# #
#.#....#...#.###.###..##.##.# #
..#....#.+...#.....#..##.##.# #
..#....#.#.#.#...>.#..##.##.# #
#.#....#.#......g.....##.##.# #
#.#....#.#...#..S..#..##.##.# #
..######.#.#.#..@..#..##.##.# #
.........#.#.###.###..##.##.# #
.#......##.#..........##.##.#
......................#####.#
##....##.#.##.#######.# #.#
#....##.#.##.# #.# #.#
#....##.#.##.#######.#####.#####
##....##.........................
##....##.#.##.#.##.##.#####.####.


You could see a gnoll and a ball python.

Vanquished Creatures
  3 ball pythons (D:1)
  5 endoplasms (D:1)
  A giant cockroach (D:1)
  4 goblins
  5 hobgoblins (D:1)
  3 jackals (D:1)
  2 quokkas (D:1)
  5 bats (D:1)
  2 frilled lizards (D:1)
  2 kobolds (D:1)
  3 rats (D:1)
35 creatures vanquished.

Notes
Turn   | Place    | Note
-------+----------+-------------------------------------------
     0 | D:1      | Leeroy the Djinni Warper began the quest for the Orb.
     0 | D:1      | Reached XP level 1. HP: 18/18 MP: 0/0
    67 | D:1      | Reached skill level 2 in Long Blades
   212 | D:1      | Reached XP level 2. HP: 23/23 MP: 0/0
   661 | D:1      | Reached skill level 3 in Long Blades
   661 | D:1      | Reached XP level 3. HP: 23/28 MP: 0/0
   661 | D:1      | Learned a level 1 spell: Sting
  1138 | D:1      | Found Wyaplino's General Store.
  1246 | D:1      | Bought a scroll of teleportation for 30 gold pieces
  2048 | D:1      | Slain by a ball python

Illustrated notes

Levels and vault maps discovered:
D:1:      sevenhm_arrival_forest_fort_large_4, layout_basic, serial_shops, shop,
          corexii_corridor_pit, st_stairs_3, nrook_mini_vaults
D:2:      minmay_angry_zag, layout_basic, shapermc_ecumenical_altar_mp_vishouse,
          uniq_jessica

Skill      XL: |  1  2 |
---------------+-------+-----
Long Blades    | 2 3 |  3.4
Fighting       | |  2.0
Throwing       | |  0.7
Armour         | |  1.0
Dodging        | |  2.1
Spellcasting   | |  2.4

Action                   || total
-------------------------++-------
Melee: Falchion          ||   114
Armor: Leather armour    ||    27
Dodge: Dodged            ||    85
       Rpst.: Falchion   ||    25

Table legend: (Time is in decaauts)
 A = Elapsed time spent in this place.
 B = Non-inter-level travel time spent in this place.
 C = Inter-level travel time spent in this place.
 D = Time resting spent in this place.
 E = Time spent auto-exploring this place.
 F = Levels seen in this place.
 G = Mean time per level.
                   A        B        C        D        E       F      G
               +--------+--------+--------+--------+--------+-----+--------+
         Total |   2067 |   2019 |     48 |    212 |   1538 |   2 | 1033.5 |
       Dungeon |   2067 |   2019 |     48 |    212 |   1538 |   2 | 1033.5 |
               +--------+--------+--------+--------+--------+-----+--------+

Top non-repeatable levels by time:
     D:1: 1892 daAuts
     D:2: 174 daAuts
